 Dungeon Crawl Stone Soup version 0.25.1-2-g60ff931df9 (webtiles) character file.

Game seed: 7920957655437583618

42 hellfireifrit the Skirmisher (level 3, -2/33 HPs)
             Began as a Draconian Berserker on Nov 5, 2020.
             Was a Believer of Trog.
             Splashed by a jelly's acid (6 damage)
             ... on level 2 of the Dungeon.
             The game lasted 00:06:31 (806 turns).

hellfireifrit the Skirmisher (Draconian Berserker)   Turns: 806, Time: 00:06:33

Health: -2/33      AC: -3    Str: 20    XL:     3   Next: 35%
Magic:  3/3        EV: 13    Int:  7    God:    Trog [**....]
Gold:   107        SH:  0    Dex: 10    Spells: 2/2 levels left

rFire    . . .     SeeInvis .   a - +0 spear
rCold    . . .     Gourm    .   (no shield)
rNeg     . . .     Faith    .   (armour unavailable)
rPois    .         Spirit   .   (helmet restricted)
rElec    .         Reflect  .   (no cloak)
rCorr    .         Harm     .   (no gloves)
MR       ++...                  (no boots)
Stlth    +.........             (no amulet)
HPRegen  1.11/turn              (no ring)
MPRegen  0.08/turn              (no ring)

@: corroded, regenerating
A: unfitting armour, cold-blooded, AC +5
a: Berserk, Trog's Hand, Renounce Religion


You were on level 2 of the Dungeon.
You worshipped Trog.
Trog was pleased with you.
You were very hungry.

You visited 1 branch of the dungeon, and saw 2 of its levels.

You collected 107 gold pieces.

Inventory:

Hand Weapons
 a - a +0 spear (weapon)
 c - a +0 dagger
 e - a +0 spear
 m - a +0 dagger of holy wrath
Jewellery
 o - an uncursed amulet of magic regeneration {unknown}
Scrolls
 d - a scroll of enchant armour {unknown}
 f - a scroll of teleportation {unknown}
 g - a scroll of remove curse {unknown}
 i - a scroll of magic mapping {unknown}
 p - a scroll of identify {unknown}
Potions
 h - a potion of lignification {unknown}
 j - a potion of haste {unknown}
 k - a potion of flight {unknown}
 l - a potion of might {unknown}
Comestibles
 b - 2 rations
 n - 9 chunks of flesh


   Skills:
 + Level 3.8 Fighting
 + Level 3.6 Polearms
 + Level 3.1 Dodging


You had 2 spell levels left.
You didn't know any spells.
Your spell library contained the following spells:

 Spells                   Type           Power        Failure   Level  Hunger
 Animate Skeleton         Necr           N/A          43%         1    ##.....
 Apportation              Tloc           #.....       43%         1    ##.....
 Corona                   Hex            #......      43%         1    ##.....
 Summon Small Mammal      Summ           #...         43%         1    ##.....


Dungeon Overview and Level Annotations

Branches:
Dungeon (2/15)

Altars:


Innate Abilities, Weirdness & Mutations

Your plain brown scales are hard. (AC +5)
You cannot fit into any form of body armour.
You are cold-blooded and may be slowed by cold attacks.


Message History

The jelly is severely wounded.
The jelly misses you.
You hit the jelly but do no damage.
Your hands burn!
The jelly is severely wounded.
The jelly closely misses you.
You hit the jelly but do no damage.
Your hands burn!
The jelly is severely wounded.
The jelly hits you.
You are splashed with acid!
* * * LOW HITPOINT WARNING * * *
Your skin crawls.
You feel resistant to hostile enchantments.
You are feeling very hungry.
The jelly hits you but does no damage.
You hit the jelly.
Your hands burn!
* * * LOW HITPOINT WARNING * * *
The jelly is severely wounded.
The jelly hits you.
* * * LOW HITPOINT WARNING * * *
The acid corrodes you!
You are splashed with acid.
You die...

≈≈≈≈..≈≈≈≈####
≈≈≈≈..≈≈≈≈≈≈≈
≈≈≈..≈≈≈≈≈≈
#≈..≈≈≈≈≈
##8..8#≈≈
#.8..8#.#
#...J#.#######
#...@.....†..#
...........#####.#
#.###.#######....#
#) #.#### # #.#
#.# #.# #.# #.#


You could see a jelly.

Vanquished Creatures
  Robin (D:2)
  A leopard gecko (D:1)
  8 goblins
  8 hobgoblins
  3 bats
  3 frilled lizards
  5 rats
  A plant (D:1)
30 creatures vanquished.

Notes
Turn   | Place    | Note
-------+----------+-------------------------------------------
     0 | D:1      | hellfireifrit the Draconian Berserker began the quest for
                  | the Orb.
     0 | D:1      | Reached XP level 1. HP: 19/19 MP: 1/1
   151 | D:1      | Reached XP level 2. HP: 15/26 MP: 2/2
   625 | D:2      | Noticed Robin
   634 | D:2      | Reached ** piety under Trog
   643 | D:2      | Killed Robin
   643 | D:2      | Reached XP level 3. HP: 33/33 MP: 3/3
   806 | D:2      | Splashed by a jelly's acid

Illustrated notes

Levels and vault maps discovered:
D:1:      tarquinn_simple_flora_water_c, layout_loops_cross,
          chequers_mini_garden
D:2:      wander_river, layout_loops_ring, uniq_sigmund,
          uniq_crazy_yiuf_cottage, uniq_terence, uniq_robin

Skill      XL: |  1  2 |
---------------+-------+-----
Dodging        | 3 |  3.1
Fighting       | |  3.8
Polearms       | |  3.6

Action                   || total
-------------------------++-------
Melee: Spear             ||   134
       Tailslap          ||    28
Invok: Berserk           ||     2
       Trog's Hand       ||     1
  Eat: Chunk             ||     1
Armor: Skin              ||    19
Dodge: Dodged            ||    36
